 Dungeon Crawl Stone Soup version 0.31-a0-620-gd1cbd99268 (webtiles) character file.

Game seed: 14537922482110234646

105 zxpr0jk the Insei (level 4, 0/11 HPs)
             Began as a Draconian Monk on Aug 24, 2023.
             Slain by a kobold
             ... wielding a +0 whip
              (5 damage)
             ... on level 3 of the Dungeon.
             The game lasted 00:04:30 (1586 turns).

zxpr0jk the Insei (Draconian Monk)                  Turns: 1586, Time: 00:04:30

Health: 0/11       AC:  5    Str: 13    XL:     4   Next: 54%
Magic:  4/4        EV: 13    Int: 10    God:
Gold:   63         SH:  0    Dex: 16    Spells: 3/3 levels left

rFire   . .          .
                       - Unarmed
rCold   . . .        b - melded orb {light}
rNeg    . . .        (body armour unavailable)
rPois   .            (helmet restricted)
rElec   .            (no cloak)
rCorr   .            (no gloves)
SInv    .            (no boots)
Will    .....        (no amulet)
Stlth   +            (no ring)
HPRegen 0.21/turn    (no ring)
MPRegen 0.09/turn

%: no passive effects
@: flux-form, glowing
A: glow, contaminating, reduced hp, AC +5, unfitting armour, cold-blooded
a: Begin Untransformation


You were on level 3 of the Dungeon.
You were something dangerously unstable.
You visited 1 branch of the dungeon, and saw 3 of its levels.

You collected 63 gold pieces.

Inventory:

Missiles
 c - 10 stones
Armour
 b - an orb of light (melded)
Jewellery
 a - a ring of ice
 k - a +6 ring of intelligence
Talismans
 g - a flux talisman (active)
Scrolls
 d - 3 scrolls of identify {unknown}
 f - a scroll of torment {unknown}
 h - a scroll of fear {unknown}
 i - a scroll of poison {unknown}
 l - a scroll of enchant weapon {unknown}
Potions
 e - a potion of mutation {unknown}
 j - a potion of enlightenment {unknown}
 m - a potion of attraction {unknown}


   Skills:
 - Level 3.2 Fighting
 + Level 3.5 Dodging
 * Level 4.7 Unarmed Combat


You had 3 spell levels left.
You didn't know any spells.
Your spell library was empty.

Dungeon Overview and Level Annotations

Branches:
Dungeon (3/15)

Altars:


Innate Abilities, Weirdness & Mutations

You are something dangerously unstable.
You glow with magical radiation, making you easy to see and hit.
Foes you strike become dangerously contaminated with magical radiation.
Your maximum health is decreased, since you lack skill for your form.
You are incapable of wielding weapons or throwing items.
Your plain brown scales are hard. (AC +5)
You cannot fit into any form of body armour.
You are cold-blooded and may be slowed by cold attacks.


Message History

No target in view!
A rat comes into view.
The rat misses you.
You completely miss the rat. The rat bites you but does no damage.
You hit the rat.
You kill the rat!
No target in view!
No target in view!
You see here a rat corpse.
Found a short sword.
l - a scroll labelled BERIFEYMUMI
m - a dark potion A dart slug comes into view.
The dart slug launches a dart at you. The slug dart hits you.
The dart slug launches a dart at you. The slug dart misses you.
A kobold comes into view. It is wielding a +0 whip.
The kobold shouts!
The dart slug launches a dart at you. The slug dart hits you.
You are too injured to fight recklessly!
You are too injured to fight recklessly!
You are too injured to fight recklessly!
You are too injured to fight recklessly!
You are too injured to fight recklessly!
You are too injured to fight recklessly!
Unknown command.
The dart slug launches a dart at you. The slug dart misses you.
You are too injured to fight recklessly!
You are too injured to fight recklessly!
You are too injured to fight recklessly!
You are too injured to fight recklessly!
You are too injured to fight recklessly!
You are too injured to fight recklessly!
You are too injured to fight recklessly!
You are too injured to fight recklessly!
You closely miss the kobold. The kobold hits you with a +0 whip.
You die...

## ## ..
.. ### #.
###.###.##
.
.........#
# #
.......w#
#.#
###.###K#
#.#### #B#
...... #.#
#.#### #.#
#.# #.#
#.# ##.#
#.# #..#
#.#####.
#..#
........
#..#
#######..)
#..#


You could see a dart slug and a kobold.

Vanquished Creatures
  A hound (D:2)
  Terence (D:2)
  An adder (D:2)
  A dart slug (D:3)
  4 endoplasms
  3 giant cockroaches
  3 goblins
  5 hobgoblins
  2 jackals (D:2)
  A kobold (D:1)
  A quokka (D:1)
  7 ball pythons
  4 bats
  A frilled lizard (D:1)
  4 rats
39 creatures vanquished.

Notes
Turn   | Place    | Note
-------+----------+-------------------------------------------
     0 | D:1      | zxpr0jk the Draconian Monk began the quest for the Orb.
     0 | D:1      | Reached XP level 1. HP: 19/19 MP: 1/1
   335 | D:1      | Reached XP level 2. HP: 26/26 MP: 2/2
   721 | D:2      | Reached skill level 4 in Unarmed Combat
   721 | D:2      | Reached XP level 3. HP: 24/31 MP: 3/3
  1122 | D:2      | Noticed Terence
  1148 | D:2      | Reached XP level 4. HP: 7/38 MP: 4/4
  1150 | D:2      | Killed Terence
  1586 | D:3      | Slain by a kobold

Illustrated notes

Levels and vault maps discovered:
D:1:      minmay_arrival_loop, layout_basic, item_on_display_a
D:2:      layout_basic, uniq_terence
D:3:      layout_loops_ring

Skill      XL: |  1  2 |
---------------+-------+-----
Dodging        | 3 |  3.5
Unarmed Combat | 4 |  4.7
Fighting       | |  3.2

Action                     |  1- 3 |  4- 6 || total
---------------------------+-------+-------++-------
  Melee: Unarmed           |    95 |    30 ||   125
         Tailslap          |    11 |     3 ||    14
    Use: Potion            |     1 |     1 ||     2
 Armour: Skin              |    49 |    10 ||    59
  Dodge: Dodged            |    84 |    19 ||   103
   Form: Flux              |     1 |       ||     1

Table legend: (Time is in decaauts)
 A = Elapsed time spent in this place.
 B = Non-inter-level travel time spent in this place.
 C = Inter-level travel time spent in this place.
 D = Time resting spent in this place.
 E = Time spent auto-exploring this place.
 F = Levels seen in this place.
 G = Mean time per level.
                   A        B        C        D        E       F      G
               +--------+--------+--------+--------+--------+-----+--------+
         Total |   1578 |   1560 |     18 |    192 |   1068 |   3 |  526.0 |
       Dungeon |   1578 |   1560 |     18 |    192 |   1068 |   3 |  526.0 |
               +--------+--------+--------+--------+--------+-----+--------+

Top non-repeatable levels by time:
     D:2: 786 daAuts
     D:1: 682 daAuts
     D:3: 109 daAuts
